 Dungeon Crawl Stone Soup version 0.31-a0-196-g86fe4a5e66 (console) character file.

Game seed: 10251298347279718815

9 petzl the Sneak (level 2, -1/24 HPs)
             Began as a Formicid Delver on June 24, 2023.
             Slain by an ufetubus (2 damage)
             ... on level 4 of the Dungeon.
             The game lasted 00:02:02 (201 turns).

petzl the Sneak (Formicid Delver)                    Turns: 201, Time: 00:02:02

Health: -1/24      AC:  3    Str: 16    XL:     2   Next: 25%
Magic:  2/2        EV: 12    Int:  9    God:
Gold:   9          SH:  0    Dex: 15    Spells: 1/1 levels left

rFire   . . .        h - +1 short sword (speed)
rCold   . . .        (no shield)
rNeg    . . .        b - +0 leather armour
rPois   .            (helmet unavailable)
rElec   .            (no cloak)
rCorr   .            (no gloves)
SInv    +            (no boots)
Will    .....        (no amulet)
Stlth   +++          (no ring)
HPRegen 0.24/turn    (no ring)
MPRegen 0.08/turn

%: no passive effects
@: no status effects
A: permanent stasis, dig shafts and tunnels, antennae 3, four strong arms
a: Dig, Shaft Self


You were on level 4 of the Dungeon.
You visited 1 branch of the dungeon, and saw 3 of its levels.

You collected 9 gold pieces.

Inventory:

Hand Weapons
 a - a +0 mace
 h - a +1 short sword of speed (weapon)
Armour
 b - a +0 leather armour (worn)
Wands
 f - a wand of digging (3)
Scrolls
 c - a scroll of fog
 d - a scroll of revelation
 g - a scroll of identify {unknown}


   Skills:
 - Level 3.4 Fighting
 - Level 2.1 Maces & Flails
 - Level 2.0 Dodging
 - Level 6.1 Stealth
 + Level 0.3 Spellcasting


You had one spell level left.
You didn't know any spells.
Your spell library was empty.

Dungeon Overview and Level Annotations

Branches:
Dungeon (6/15)
 Temple: D:4-7

Altars:
Makhleb

Annotations:
D:4 exclusion: downstairs
D:5 exclusion: orc wizard


Innate Abilities, Weirdness & Mutations

You cannot be hasted, slowed, berserked, paralysed or teleported.
You can dig through walls and to a lower floor.
You have a pair of large antennae on your head. (SInv)
Your four strong arms can wield two-handed weapons with a shield.


Message History

You closely miss the orc.
The orc is moderately wounded.
You completely miss the orc.
The orc is moderately wounded.
The orc hits you with a +0 mace.
* * * LOW HITPOINT WARNING * * *
You aren't carrying any potions.
Unknown command.
Unknown command.
Unknown command.
As you read the scroll of fear, it crumbles to dust.
You assume a fearsome visage.
The orc looks frightened!
Found a stone staircase leading down.
Found a scroll labelled DIFUNU SEPTUS.
Found a golden potion.
There is a stone staircase leading down here.
You climb downwards.
Level annotation: exclusion: orc wizard The ufetubus hits you but does no damage.
The ufetubus hits you.
* * * LOW HITPOINT WARNING * * *
The orc priest mumbles some strange prayers to Beogh against you.
You barely resist. The ufetubus misses you. The ufetubus hits you.
* * * LOW HITPOINT WARNING * * *
Found a scratched opal ring, a whip and a golden potion.
Found a burning altar of Makhleb.
There is a stone staircase leading up here.
Unknown command.
Unknown command.
Unknown command.
Unknown command.
Unknown command.
The ufetubus barely misses you. The ufetubus closely misses you.
You climb upwards.
Level annotation: exclusion: downstairs The orc hits you with a +0 dagger.
* * * LOW HITPOINT WARNING * * *
There is a stone staircase leading down here.
The ufetubus barely misses you. The ufetubus hits you.
You die...

#...#.......#.#
###.).......#.#
##........#
##.......#+##
#...........
#........o.w
#####.†###....
..........# ...
..........# ..
..........#
..........#
..........#
..........##+#
#########....#
###..# ##.##
#..### #....#
#?##@#######
#..5>o...!..
############


You could see an orc and an ufetubus.

Vanquished Creatures
  2 orcs
  A giant cockroach (D:4)
  A hobgoblin (D:4)
  A kobold (D:4)
  A quokka (D:4)
6 creatures vanquished.

Notes
Turn   | Place    | Note
-------+----------+-------------------------------------------
     0 | D:5      | petzl the Formicid Delver began the quest for the Orb.
     0 | D:5      | Reached XP level 1. HP: 18/18 MP: 1/1
     3 | D:6      | Noticed a hound
    34 | D:5      | Noticed an orc wizard
    67 | D:5      | Noticed a bullfrog
    68 | D:5      | Noticed an iguana
    71 | D:5      | Noticed an orc priest
   146 | D:4      | Reached XP level 2. HP: 24/24 MP: 2/2
   198 | D:5      | Found a burning altar of Makhleb.
   200 | D:4      | HP: 1/24 [orc/+0 dagger (4)]
   201 | D:4      | Slain by an ufetubus

Illustrated notes

Levels and vault maps discovered:
D:4:      layout_basic, dancing_weapons_uskayaw, nicolae_shop_self_help,
          uniq_pikel
D:5:      layout_cave_pools, nemelex_xobeh_ov_fountains_minmay,
          vehumet_altar_wand_db, bloody_makhleb
D:6:      layout_loops_ring, mainiacjoe_overflow_large_starburst,
          temple_fountains, gup_ossuary_entry_pyramid

Skill      XL: |  1  2 |
---------------+-------+-----
Dodging        | 2 |  2.0
Fighting       | |  3.4
Maces & Flails | |  2.1
Stealth        | |  6.1
Spellcasting   | |  0.3

Action                     || total
---------------------------++-------
  Melee: Mace              ||    23
         Short sword       ||     4
         Punch             ||     1
    Use: Scroll            ||     1
 Armour: Leather armour    ||     7
  Dodge: Dodged            ||    24

Table legend: (Time is in decaauts)
 A = Elapsed time spent in this place.
 B = Non-inter-level travel time spent in this place.
 C = Inter-level travel time spent in this place.
 D = Time resting spent in this place.
 E = Time spent auto-exploring this place.
 F = Levels seen in this place.
 G = Mean time per level.
                   A        B        C        D        E       F      G
               +--------+--------+--------+--------+--------+-----+--------+
         Total |    207 |    207 |      0 |     28 |     10 |   3 |   69.0 |
       Dungeon |    207 |    207 |      0 |     28 |     10 |   3 |   69.0 |
               +--------+--------+--------+--------+--------+-----+--------+

Top non-repeatable levels by time:
     D:4: 120 daAuts
     D:5: 84 daAuts
     D:6: 1 daAuts
